TOP OF THE 1ST |
Milwaukee (NYP) Brewers batting - Pitching for Eugene Emeralds : RHP Carlos Zavala
|
Pitching: RHP Carlos Zavala
|
|
Batting: LHB Rick Campbell
|
0-0: Foul Ball, location: 2F 0-1: Called Strike 0-2: Strikes out looking
|
Batting: LHB Tyler Francis
|
0-0: Called Strike 0-1: Called Strike 0-2: SINGLE (Groundball, 4, EV 96.9 MPH)
|
Batting: SHB Aaron Neill
|
0-0: Foul Ball, location: 2F 0-1: Foul Ball, location: 2F 0-2: SINGLE (Groundball, 23, EV 67.5 MPH) (infield hit) Tyler Francis to second
|
Batting: SHB Sam Bingham
|
0-0: Foul Ball, location: 2F 0-1: Ball Wild Pitch! Tyler Francis to third Aaron Neill to second 1-1: Ball 2-1: Fly out, F8 (Flyball, 8LXD, EV 108.8 MPH) Runner from 3rd tags up, SCORES, no throw by CF
|
Batting: RHB Chris Maul
|
0-0: Ball 1-0: Foul Ball, location: 2F 1-1: Fly out, F3 (Popup, 3F, EV 77.5 MPH)
|
Top of the 1st over - 1 run, 2 hits, 0 errors, 1 left on base; Milwaukee (NYP) 1 - Eugene 0 |
BOTTOM OF THE 1ST |
Eugene Emeralds batting - Pitching for Milwaukee (NYP) Brewers : RHP Dustin Pryor
|
Pitching: RHP Dustin Pryor
|
|
Batting: RHB Du Kim
|
0-0: Ball 1-0: Foul Ball, location: 2F 1-1: Called Strike 1-2: Ball 2-2: SINGLE (Groundball, 6MD, EV 102.5 MPH)
|
Batting: RHB Bill Holmes
|
0-0: Ball Du Kim is caught stealing 2nd base 2-4 1-0: Ground out 4-3 (Groundball, 34D, EV 80.0 MPH)
|
Batting: RHB Eric Wiss
|
0-0: Called Strike 0-1: SOLO HOME RUN (Flyball, 7D, EV 97.5 MPH), Distance : 372 ft
|
Batting: RHB Taylor Garofalo
|
0-0: Ball 1-0: Foul Ball, location: 2F 1-1: Ball 2-1: SINGLE (Groundball, 5S, EV 72.5 MPH) (infield hit)
|
Batting: RHB Ryan Bush
|
0-0: Ground out U3 (Groundball, 3, EV 84.4 MPH)
|
Bottom of the 1st over - 1 run, 3 hits, 0 errors, 1 left on base; Milwaukee (NYP) 1 - Eugene 1 |
TOP OF THE 2ND |
Milwaukee (NYP) Brewers batting - Pitching for Eugene Emeralds : RHP Carlos Zavala
|
Batting: LHB Umar Matoub
|
0-0: Ball 1-0: Ball 2-0: Foul Ball, location: 2F 2-1: Ball 3-1: Base on Balls
|
Batting: RHB Chris Riddel
|
0-0: Ball 1-0: Called Strike 1-1: Ball 2-1: Ground out 4-3 (Groundball, 4S, EV 67.5 MPH) Umar Matoub to second
|
Pitching: RHP Dustin Buckner
|
|
Batting: RHB Victor Alarcon
|
0-0: Ball 1-0: Called Strike 1-1: Ball 2-1: Foul Ball, location: 2F 2-2: Ball 3-2: Base on Balls
|
Batting: RHB Dustin Pryor
|
0-0: Ball 1-0: Called Strike 1-1: Ball 2-1: Ball 3-1: Swinging Strike 3-2: SINGLE (Line Drive, 8RS, EV 106.9 MPH) Umar Matoub to third Victor Alarcon to second Runner from 3rd tries for Home, SAFE, throw by CF to home
|
Batting: LHB Rick Campbell
|
0-0: Ball Wild Pitch! Victor Alarcon to third Dustin Pryor to second 1-0: Called Strike 1-1: Foul Ball, location: 2F 1-2: Strikes out looking
|
Batting: LHB Tyler Francis
|
0-0: Ball 1-0: Ball 2-0: Ball 3-0: Base on Balls
|
Pitching: RHP Angel Pesina
|
|
Batting: SHB Aaron Neill
|
0-0: DOUBLE (Groundball, 3L, EV 108.1 MPH) Victor Alarcon scores Dustin Pryor scores Tyler Francis to third Runner from 3rd tries for Home, SAFE, throw by RF to home
|
Batting: SHB Sam Bingham
|
0-0: Ball 1-0: Swinging Strike 1-1: Ball 2-1: Called Strike 2-2: Ball 3-2: Foul Ball, location: 2F 3-2: Foul Ball, location: 2F 3-2: Base on Balls
|
Batting: RHB Chris Maul
|
0-0: Ball 1-0: Ball 2-0: Ball 3-0: Called Strike 3-1: SINGLE (Groundball, 4M, EV 101.9 MPH) (infield hit) Aaron Neill to third Sam Bingham to second
|
Batting: LHB Umar Matoub
|
0-0: Ball 1-0: Foul Ball, location: 2F 1-1: Fielders Choice at 2nd, 6-4 (Groundball, 6, EV 103.1 MPH)
|
Top of the 2nd over - 4 runs, 3 hits, 0 errors, 3 left on base; Milwaukee (NYP) 5 - Eugene 1 |
BOTTOM OF THE 2ND |
Eugene Emeralds batting - Pitching for Milwaukee (NYP) Brewers : RHP Dustin Pryor
|
Batting: RHB Roy Battist
|
0-0: Called Strike 0-1: Foul Ball, location: 2F 0-2: Ball 1-2: Ball 2-2: Ground out U3 (Groundball, 3S, EV 73.1 MPH)
|
Batting: RHB Jerry Blas
|
0-0: Ball 1-0: Foul Ball, location: 2F 1-1: Ground out 4-3 (Groundball, 4M, EV 80.6 MPH)
|
Batting: RHB Josh Asch
|
0-0: Foul Ball, location: 2F 0-1: Ball 1-1: Ball 2-1: Fly out, F9 (Line Drive, 89M, EV 91.2 MPH)
|
Bottom of the 2nd over - 0 runs, 0 hits, 0 errors, 0 left on base; Milwaukee (NYP) 5 - Eugene 1 |
TOP OF THE 3RD |
Milwaukee (NYP) Brewers batting - Pitching for Eugene Emeralds : RHP Angel Pesina
|
Batting: RHB Chris Riddel
|
0-0: Ball 1-0: Ball 2-0: Ball 3-0: Base on Balls
|
Pitching: RHP Dwight Bean
|
|
Batting: RHB Victor Alarcon
|
0-0: Ground out 6-3 (Groundball, P, EV 85.6 MPH) Chris Riddel to second
|
Batting: RHB Dustin Pryor
|
0-0: Swinging Strike 0-1: DOUBLE (Line Drive, 7LS, EV 95.0 MPH) Chris Riddel scores
|
Batting: LHB Rick Campbell
|
0-0: SINGLE (Flyball, 89S, EV 93.8 MPH) Dustin Pryor to third
|
Batting: LHB Tyler Francis
|
0-0: Ball Rick Campbell steals 2nd base 1-0: Ball 2-0: Foul Ball, location: 2F 2-1: Foul Ball, location: 2F 2-2: 3-RUN HOME RUN (Flyball, 8LXD, EV 106.9 MPH), Distance : 428 ft
|
Batting: SHB Aaron Neill
|
0-0: Ball 1-0: Ball 2-0: Swinging Strike 2-1: Foul Ball, location: 2F 2-2: Strikes out swinging
|
Batting: SHB Sam Bingham
|
0-0: Ball 1-0: Foul Ball, location: 2F 1-1: Foul Ball, location: 2F 1-2: Foul Ball, location: 2F 1-2: SINGLE (Flyball, 6D, EV 87.5 MPH)
|
Pitching: LHP Eddie Panagos
|
|
Batting: RHB Chris Maul
|
Balk! Sam Bingham to second 0-0: Swinging Strike 0-1: Ball 1-1: Fly out, F9 (Flyball, 9D, EV 95.0 MPH)
|
Top of the 3rd over - 4 runs, 4 hits, 0 errors, 1 left on base; Milwaukee (NYP) 9 - Eugene 1 |
BOTTOM OF THE 3RD |
Eugene Emeralds batting - Pitching for Milwaukee (NYP) Brewers : RHP Dustin Pryor
|
Batting: RHB Alvaro Romero
|
0-0: Ball 1-0: Ball 2-0: Ball 3-0: Base on Balls
|
Batting: RHB Du Kim
|
0-0: Ball 1-0: Called Strike 1-1: Swinging Strike 1-2: Ball 2-2: Ball 3-2: Foul Ball, location: 2F 3-2: Grounds into double play, 6-4-3 (Groundball, 6, EV 88.1 MPH)
|
Batting: RHB Bill Holmes
|
0-0: Ball 1-0: Ball 2-0: Ground out 3-1 (Groundball, 34S, EV 80.6 MPH)
|
Bottom of the 3rd over - 0 runs, 0 hits, 0 errors, 0 left on base; Milwaukee (NYP) 9 - Eugene 1 |
TOP OF THE 4TH |
Milwaukee (NYP) Brewers batting - Pitching for Eugene Emeralds : LHP Eddie Panagos
|
Batting: LHB Umar Matoub
|
0-0: Foul Ball, location: 2F 0-1: Foul Ball, location: 2F 0-2: Ball 1-2: DOUBLE (Line Drive, 89D, EV 113.8 MPH)
|
Batting: RHB Chris Riddel
|
0-0: Called Strike 0-1: Fly out, F2 (Popup, 15S, EV 90.0 MPH)
|
Batting: RHB Victor Alarcon
|
0-0: Ball 1-0: Ball 2-0: Called Strike 2-1: Foul Ball, location: 2F 2-2: Ball 3-2: Base on Balls
|
Batting: RHB Dustin Pryor
|
0-0: Ball Passed Ball! Umar Matoub to third Victor Alarcon to second 1-0: Foul Ball, location: 2F 1-1: Foul Ball, location: 2F 1-2: Ball 2-2: Strikes out swinging
|
Batting: LHB Rick Campbell
|
0-0: Called Strike 0-1: Ball 1-1: Foul Ball, location: 2F 1-2: Strikes out swinging
|
Top of the 4th over - 0 runs, 1 hit, 0 errors, 2 left on base; Milwaukee (NYP) 9 - Eugene 1 |
BOTTOM OF THE 4TH |
Eugene Emeralds batting - Pitching for Milwaukee (NYP) Brewers : RHP Dustin Pryor
|
Batting: RHB Eric Wiss
|
0-0: Called Strike 0-1: Ground out 5-3 (Groundball, 56, EV 86.2 MPH)
|
Batting: RHB Taylor Garofalo
|
0-0: Foul Ball, location: 2F 0-1: Fly out, F7 (Flyball, 7D, EV 80.6 MPH)
|
Batting: RHB Ryan Bush
|
0-0: Swinging Strike 0-1: Called Strike 0-2: Ball 1-2: Strikes out swinging
|
Bottom of the 4th over - 0 runs, 0 hits, 0 errors, 0 left on base; Milwaukee (NYP) 9 - Eugene 1 |
TOP OF THE 5TH |
Milwaukee (NYP) Brewers batting - Pitching for Eugene Emeralds : LHP Eddie Panagos
|
Batting: LHB Tyler Francis
|
0-0: Ball 1-0: Ball 2-0: Ground out 4-3 (Groundball, 34D, EV 105.6 MPH)
|
Batting: SHB Aaron Neill
|
0-0: Swinging Strike 0-1: Foul Ball, location: 2F 0-2: Ball 1-2: Ball 2-2: Fly out, F7 (Line Drive, 7D, EV 91.9 MPH)
|
Batting: SHB Sam Bingham
|
0-0: Ball 1-0: Ball 2-0: Ball 3-0: Called Strike 3-1: Base on Balls
|
Batting: RHB Chris Maul
|
0-0: Ball 1-0: Fielders Choice at 2nd, 6-4 (Groundball, 6, EV 109.4 MPH)
|
Top of the 5th over - 0 runs, 0 hits, 0 errors, 1 left on base; Milwaukee (NYP) 9 - Eugene 1 |
BOTTOM OF THE 5TH |
Eugene Emeralds batting - Pitching for Milwaukee (NYP) Brewers : RHP Dustin Pryor
|
Batting: RHB Roy Battist
|
0-0: Called Strike 0-1: Ball 1-1: Foul Ball, location: 2F 1-2: Foul Ball, location: 2F 1-2: Ball 2-2: Strikes out swinging
|
Batting: RHB Jerry Blas
|
0-0: Ball 1-0: Foul Ball, location: 2F 1-1: Foul Ball, location: 2F 1-2: Foul Ball, location: 2F 1-2: Strikes out looking
|
Batting: RHB Josh Asch
|
0-0: Ball 1-0: Foul Ball, location: 2F 1-1: Foul Ball, location: 2F 1-2: Foul Ball, location: 2F 1-2: Ground out 5-3 (Groundball, 56D, EV 90.0 MPH)
|
Bottom of the 5th over - 0 runs, 0 hits, 0 errors, 0 left on base; Milwaukee (NYP) 9 - Eugene 1 |
TOP OF THE 6TH |
Milwaukee (NYP) Brewers batting - Pitching for Eugene Emeralds : LHP Eddie Panagos
|
Batting: LHB Umar Matoub
|
0-0: Ball 1-0: Foul Ball, location: 2F 1-1: Foul Ball, location: 2F 1-2: Ball 2-2: Ball 3-2: DOUBLE (Flyball, 8RXD, EV 104.4 MPH)
|
Batting: RHB Chris Riddel
|
0-0: Foul Ball, location: 2F 0-1: Ball 1-1: Fly out, F8 (Flyball, 8LS, EV 90.6 MPH)
|
Batting: RHB Victor Alarcon
|
0-0: Foul Ball, location: 2F 0-1: Ground out 6-3 (Groundball, 6, EV 81.2 MPH)
|
Batting: RHB Dustin Pryor
|
0-0: Ball 1-0: Called Strike 1-1: Called Strike 1-2: Fly out, F8 (Flyball, 8LXD, EV 103.1 MPH)
|
Top of the 6th over - 0 runs, 1 hit, 0 errors, 1 left on base; Milwaukee (NYP) 9 - Eugene 1 |
BOTTOM OF THE 6TH |
Eugene Emeralds batting - Pitching for Milwaukee (NYP) Brewers : RHP Dustin Pryor
|
Batting: RHB Alvaro Romero
|
0-0: Ground out 4-3 (Groundball, 4, EV 101.2 MPH)
|
Batting: RHB Du Kim
|
0-0: Called Strike 0-1: Ground out 6-3 (Groundball, 6, EV 84.4 MPH)
|
Batting: RHB Bill Holmes
|
0-0: Called Strike 0-1: Foul Ball, location: 2F 0-2: Ball 1-2: Foul Ball, location: 2F 1-2: Ball 2-2: Ball 3-2: Strikes out looking
|
Bottom of the 6th over - 0 runs, 0 hits, 0 errors, 0 left on base; Milwaukee (NYP) 9 - Eugene 1 |
TOP OF THE 7TH |
Milwaukee (NYP) Brewers batting - Pitching for Eugene Emeralds : LHP Eddie Panagos
|
Batting: LHB Rick Campbell
|
0-0: Called Strike 0-1: Ball 1-1: Foul Ball, location: 2F 1-2: SINGLE (Groundball, 4MD, EV 102.5 MPH)
|
Batting: LHB Tyler Francis
|
0-0: Called Strike 0-1: Called Strike Rick Campbell steals 2nd base (no throw) 0-2: Foul Ball, location: 2F 0-2: Foul Ball, location: 2F 0-2: Ball 1-2: 2-RUN HOME RUN (Flyball, 89XD, EV 106.2 MPH), Distance : 410 ft
|
Pitching: RHP Juan Bonilla
|
|
Batting: SHB Aaron Neill
|
0-0: Called Strike 0-1: Ball 1-1: Ground out U3 (Groundball, 3S, EV 88.8 MPH)
|
Batting: SHB Sam Bingham
|
0-0: Ball 1-0: Ground out U3 (Groundball, 3L, EV 103.1 MPH)
|
Batting: RHB Chris Maul
|
0-0: Ball 1-0: Ball 2-0: Ball 3-0: Base on Balls
|
Batting: LHB Umar Matoub
|
0-0: Called Strike 0-1: SINGLE (Groundball, 25, EV 75.0 MPH) (infield hit) Chris Maul to second
|
Batting: RHB Chris Riddel
|
0-0: Swinging Strike 0-1: Swinging Strike 0-2: Ball 1-2: Ball 2-2: SINGLE (Line Drive, 9S, EV 98.1 MPH) Chris Maul to third Umar Matoub to second Runner from 3rd tries for Home, SAFE, throw by RF to home
|
Batting: RHB Victor Alarcon
|
0-0: Called Strike 0-1: Ball 1-1: Ball 2-1: SINGLE (Line Drive, 8RS, EV 95.0 MPH) Umar Matoub to third Chris Riddel to second Runner from 3rd tries for Home, SAFE, throw by CF to home Chris Riddel to third Victor Alarcon to second
|
Batting: RHB Dustin Pryor
|
0-0: Foul Ball, location: 2F 0-1: Called Strike 0-2: Ball 1-2: Foul Ball, location: 2F 1-2: Foul Ball, location: 2F 1-2: Ball 2-2: Strikes out swinging
|
Top of the 7th over - 4 runs, 5 hits, 0 errors, 2 left on base; Milwaukee (NYP) 13 - Eugene 1 |
BOTTOM OF THE 7TH |
Eugene Emeralds batting - Pitching for Milwaukee (NYP) Brewers : RHP Dustin Pryor
|
Batting: RHB Eric Wiss
|
0-0: Ball 1-0: Ground out 3-1 (Groundball, 34, EV 105.0 MPH)
|
Pitching: RHP Harry Hammons
|
|
Batting: RHB Taylor Garofalo
|
0-0: Swinging Strike 0-1: Foul Ball, location: 2F 0-2: Foul Ball, location: 2F 0-2: Foul Ball, location: 2F 0-2: Strikes out swinging
|
Batting: RHB Ryan Bush
|
0-0: Called Strike 0-1: Called Strike 0-2: Ball 1-2: Ball 2-2: Foul Ball, location: 2F 2-2: Strikes out swinging, 2-3 out at first.
|
Bottom of the 7th over - 0 runs, 0 hits, 0 errors, 0 left on base; Milwaukee (NYP) 13 - Eugene 1 |
TOP OF THE 8TH |
Milwaukee (NYP) Brewers batting - Pitching for Eugene Emeralds : RHP Juan Bonilla
|
Batting: LHB Rick Campbell
|
0-0: Foul Ball, location: 2F 0-1: Foul Ball, location: 2F 0-2: Ball 1-2: Foul Ball, location: 2F 1-2: Strikes out swinging
|
Batting: LHB Tyler Francis
|
0-0: Ball 1-0: Ball 2-0: Ball 3-0: Base on Balls
|
Batting: SHB Aaron Neill
|
0-0: Ball 1-0: Ball 2-0: Swinging Strike 2-1: Foul Ball, location: 2F 2-2: Ball 3-2: Fly out, F9 (Flyball, 9D, EV 98.8 MPH)
|
Pitching: RHP Josh Burns
|
|
Batting: SHB Sam Bingham
|
0-0: Foul Ball, location: 2F 0-1: Foul Ball, location: 2F 0-2: Ball 1-2: Foul Ball, location: 2F 1-2: Ball 2-2: Ball Balk! Tyler Francis to second 3-2: Hit by Pitch
|
Batting: RHB Chris Maul
|
0-0: Swinging Strike 0-1: Foul Ball, location: 2F 0-2: SINGLE (Groundball, 56, EV 88.8 MPH) (infield hit) Tyler Francis to third Sam Bingham to second
|
Batting: LHB Umar Matoub
|
0-0: GRAND SLAM HOME RUN (Flyball, 78XD, EV 103.8 MPH), Distance : 411 ft
|
Batting: RHB Chris Riddel
|
0-0: Ball 1-0: Ball 2-0: Fly out, F8 (Flyball, 89M, EV 83.8 MPH)
|
Top of the 8th over - 4 runs, 2 hits, 0 errors, 0 left on base; Milwaukee (NYP) 17 - Eugene 1 |
BOTTOM OF THE 8TH |
Eugene Emeralds batting - Pitching for Milwaukee (NYP) Brewers : RHP Harry Hammons
|
Batting: RHB Roy Battist
|
0-0: Swinging Strike 0-1: Ball 1-1: Foul Ball, location: 2F 1-2: Ball 2-2: Fly out, F9 (Flyball, 9D, EV 104.4 MPH)
|
Batting: RHB Jerry Blas
|
0-0: Ball 1-0: Foul Ball, location: 2F 1-1: Foul Ball, location: 2F 1-2: Ball 2-2: Strikes out swinging
|
Batting: RHB Josh Asch
|
0-0: Foul Ball, location: 2F 0-1: Foul Ball, location: 2F 0-2: Foul Ball, location: 2F 0-2: Ball 1-2: Strikes out looking
|
Bottom of the 8th over - 0 runs, 0 hits, 0 errors, 0 left on base; Milwaukee (NYP) 17 - Eugene 1 |
TOP OF THE 9TH |
Milwaukee (NYP) Brewers batting - Pitching for Eugene Emeralds : RHP Josh Burns
|
Batting: RHB Victor Alarcon
|
0-0: Ball 1-0: Ball 2-0: Ball 3-0: Called Strike 3-1: Called Strike 3-2: Base on Balls
|
Batting: RHB Dustin Pryor
|
0-0: Called Strike 0-1: SINGLE (Line Drive, 7S, EV 105.6 MPH) Victor Alarcon to second
|
Batting: LHB Rick Campbell
|
0-0: Swinging Strike 0-1: Swinging Strike 0-2: Fly out, F2 (Popup, 2RF, EV 89.4 MPH)
|
Batting: LHB Tyler Francis
|
0-0: Ball 1-0: Ball 2-0: Ball 3-0: Called Strike 3-1: Hit by Pitch Victor Alarcon to third Dustin Pryor to second
|
Batting: SHB Aaron Neill
|
0-0: Ball 1-0: Ball 2-0: Called Strike 2-1: Fielders Choice at 2nd, 4-6 (Groundball, 4, EV 101.9 MPH) Victor Alarcon scores Dustin Pryor to third
|
Batting: SHB Sam Bingham
|
0-0: Swinging Strike 0-1: Called Strike 0-2: Strikes out swinging
|
Top of the 9th over - 1 run, 1 hit, 0 errors, 2 left on base; Milwaukee (NYP) 18 - Eugene 1 |
BOTTOM OF THE 9TH |
Eugene Emeralds batting - Pitching for Milwaukee (NYP) Brewers : RHP Harry Hammons
|
Pitching: LHP Nolan Hickey
|
|
Batting: RHB Alvaro Romero
|
0-0: Ball 1-0: Called Strike 1-1: Fly out, F8 (Flyball, 78D, EV 80.6 MPH)
|
Batting: RHB Du Kim
|
0-0: Ball 1-0: Foul Ball, location: 2F 1-1: Fly out, F7 (Flyball, 78M, EV 95.6 MPH)
|
Batting: RHB Bill Holmes
|
0-0: Foul Ball, location: 2F 0-1: Ball 1-1: Ball 2-1: Foul Ball, location: 2F 2-2: Foul Ball, location: 2F 2-2: Foul Ball, location: 2F 2-2: Strikes out swinging
|
Bottom of the 9th over - 0 runs, 0 hits, 0 errors, 0 left on base; Milwaukee (NYP) 18 - Eugene 1 |
|